 Dungeon Crawl Stone Soup version 0.28.0-43-g3370ac3207 (webtiles) character file.

Game seed: 9824037327643659252

4462 Zonian the Stinger (level 10, -6/63 HPs)
             Began as a Demonspawn Venom Mage on Mar 1, 2022.
             Was a Priest of Ignis.
             Mangled by a tengu warrior
             ... wielding a +0 halberd
              (10 damage)
             ... on level 8 of the Dungeon.
             The game lasted 00:32:23 (13666 turns).

Zonian the Stinger (Demonspawn Venom Mage)         Turns: 13666, Time: 00:32:24

Health: -6/63      AC: 18    Str: 10    XL:     10   Next: 15%
Magic:  7/17       EV: 14    Int: 18    God:    Ignis [***...]
Gold:   161        SH:  0    Dex: 15    Spells: 13/19 levels left

rFire   + + .      SeeInvis .   h - +3 whip (elec)
rCold   . . .      Faith    .   (no shield)
rNeg    . . .      Spirit   .   D - +0 steam dragon scales
rPois   .          Reflect  .   p - +2 helmet
rElec   .          Harm     .   (no cloak)
rCorr   .          Rampage  .   (no gloves)
Will    .....                   y - +0 pair of boots
Stlth   +++.......              (no amulet)
HPRegen 0.20/turn               r - ring of protection from fire
MPRegen 0.15/turn               J - ring of wizardry

@: fiery-armoured, studying Translocations, invisible
A: icy blue scales 1, demonic guardian 1, icemail 1, condensation shield,
weakness stinger 1
a: Renounce Religion, Fiery Armour, Foxfire Swarm, Rising Flame


You were on level 8 of the Dungeon.
You worshipped Ignis.
Ignis was most pleased with you.
You visited 1 branch of the dungeon, and saw 8 of its levels.

You collected 332 gold pieces.
You spent 171 gold pieces at shops.

Inventory:

Hand Weapons
 f - a +0 dagger
 h - a +3 whip of electrocution (weapon)
 o - a +1 dagger of freezing
 u - a +1 dagger of speed
 v - a +2 spectral whip
 M - the +3 short sword "Hyatac" {flame, rF+ Int+4 Dex-2}
   (You found it on level 7 of the Dungeon)

   It burns those it strikes, dealing additional fire damage.
   Int:       It affects your intelligence (+4).
   Dex:       It affects your dexterity (-2).
   rF:        It protects you from fire.
Missiles
 c - 4 poisoned darts
 j - a throwing net
 w - 19 boomerangs
Armour
 a - a +0 robe
 g - a +0 buckler
 p - a +2 helmet (worn)
 y - a +0 pair of boots (worn)
 D - +0 steam dragon scales (worn)
Magical Staves
 C - a staff of conjuration
Jewellery
 r - a ring of protection from fire (left hand)
 J - a ring of wizardry (right hand)
Wands
 e - a wand of digging (3)
 i - a wand of polymorph (17)
 n - a wand of flame (23)
 q - a wand of mindburst (9)
 s - a wand of iceblast (5)
 G - a wand of acid (7)
Scrolls
 b - a scroll of immolation {unknown}
 m - 3 scrolls of teleportation
 x - 2 scrolls of identify
 A - a scroll of blinking
 E - a scroll of fog
 H - 2 scrolls of noise
Potions
 d - 2 potions of attraction
 k - 3 potions of cancellation
 t - a potion of magic
 B - 2 potions of resistance
 F - a potion of brilliance
 I - a potion of lignification
 L - 2 potions of mutation {unknown}


   Skills:
 - Level 5.0 Maces & Flails
 - Level 5.0 Dodging
 - Level 5.0 Stealth
 - Level 5.0 Spellcasting
 - Level 5.0 Conjurations
 - Level 4.2 Transmutations
 - Level 3.0 Air Magic
 + Level 7.9 Poison Magic


You had 13 spell levels left.
You knew the following spells:

 Your Spells              Type           Power      Damage    Failure   Level
a - Sting                 Tmut/Pois      100%       1d8       1%          1
b - Poisonous Vapours     Pois/Air       48%        N/A       1%          2
c - Mephitic Cloud        Conj/Pois/Air  23%        N/A       1%          3

Your spell library contained the following spells:

 Spells                   Type           Power      Damage    Failure   Level
 Olgreb's Toxic Radiance  Pois           33%        N/A       1%          4
 Apportation              Tloc           8%         N/A       5%          1
 Alistair's Intoxication  Tmut/Pois      17%        N/A       12%         5
 Fulminant Prism          Conj/Hex       6%         3d7       19%         4
 Cause Fear               Hex            2%         N/A       45%         4
 Simulacrum               Ice/Necr       2%         N/A       100%        6
 Dragon Form              Tmut           9%         N/A       100%        7
 Enfeeble                 Hex            2%         N/A       100%        7
 Dragon's Call            Summ           2%         N/A       100%        9


Dungeon Overview and Level Annotations

Branches:
Dungeon (8/15)             Temple (0/1) D:7
   Lair: D:8-11

Altars:
Ashenzari
Gozag
Nemelex Xobeh
Okawaru
Vehumet
The Shining One
Ignis

Shops:
D:4 (   D:7 *?:*((

Annotations:
D:4 Blork the orc


Innate Abilities, Weirdness & Mutations

You are partially covered in icy blue scales. (AC +2)
A weak demonic guardian rushes to your aid.
A meltable icy envelope protects you from harm. (AC +0)
A meltable shield of frost defends you. (SH +0)
You have a small tail.


Message History

The steam dragon is almost dead.
You catch the helpless steam dragon completely off-guard!
You hit the steam dragon.
You kill the steam dragon!
The tengu warrior is no longer covered in acid.
Unknown command.
Casting: Poisonous Vapours (safe; 1% risk of failure)
Confirm with . or Enter, or press ? or * to list all spells.
Aiming: Poisonous Vapours (safe; 1% risk of failure)
Press: ? - help, Dir - move target, f/p - tengu warrior
Aim: a tengu warrior, wielding a +0 halberd and wearing a +0 leather armour (moderately wounded, confused, extremely poisoned) Poisonous vapours surround the tengu warrior!
The tengu warrior looks as sick as possible!
Unknown command.
Unknown command.
The tengu warrior seems less confused.
The tengu warrior hits you from afar with a +0 halberd!
Unknown command.
The centaur wields a +0 shortbow.
The centaur shoots an arrow.
The arrow hits you!
* * * LOW HITPOINT WARNING * * *
Unknown command.
The centaur shoots an arrow.
The arrow closely misses you.
Unknown command.
A protective cloak of flame settles atop you.
The tengu warrior hits you with a +0 halberd!
* * * LOW HITPOINT WARNING * * *
A demonic guardian appears!
The tengu warrior is burned by your cloak of flames.
The tengu warrior is heavily wounded.
The tengu warrior pecks you but does no damage.
The tengu warrior is burned by your cloak of flames.
The tengu warrior is severely wounded.
The tengu warrior barely misses you.
You fade into invisibility!
The centaur shoots an arrow.
The arrow barely misses the tengu warrior.
The arrow misses you.
The tengu warrior hits you with a +0 halberd!
You die...

.# #.# #.## ###
#.# .###.#
#.##...# #.#
..##.# #.# .#.#
#.# #.##.# #..
#..### #.# #.##.#
...#.#...# #)# #.#
.## c##c#.# #.#
#'# ... #S#....#
#.#
z....#..##.##†5Q.#
#.# ..z..#.
.D.#.#.#@# #.#
.....##.#.##.#Q#.#
#.#
.....##.#.#.#..#.#
#.#
......#..#.#..##.#
#.#
###...##..##.###.#
#.# #..###...##
#.# #.# #... #####
#.# #.# #.. #.#
#.# #..## #.# #.#


You could see a tengu warrior (very poisoned, ally target), a centaur and a
friendly iron imp (summoned).

Vanquished Creatures
  Pikel (D:4)
  Maggie (D:7)
  An unseen horror (D:5)
  A hornet (D:7)
  4 yaks (D:8)
  2 steam dragons
  3 water moccasins
  An orc warrior (D:6)
  2 black bears (D:6)
  A sky beast (D:6)
  3 necrophages
  An ice beast (D:7)
  An ogre (D:6)
  A centaur (D:8)
  A phantom (D:6)
  A scorpion (D:5)
  A wyvern zombie (D:6)
  3 howler monkeys
  A wight (D:8)
  3 bullfrog zombies (D:6)
  2 hounds (D:6)
  A centaur zombie (D:7)
  A bullfrog skeleton (D:6)
  A gnoll shaman (D:6)
  2 jellies
  An orc priest (D:4)
  Ijyb (D:3)
  Jessica (D:2)
  3 iguanas
  3 orc wizards
  2 killer bee zombies
  A hound zombie (D:5)
  A howler monkey zombie (D:6)
  Robin (D:2)
  5 adders
  3 gnolls (D:6)
  2 howler monkey skeletons
  A shadow imp (D:6)
  A white imp (D:6)
  2 ufetubi
  An adder zombie (D:5)
  2 worms (D:2)
  3 dart slugs
  10 orcs
  9 ball pythons
  8 bats
  12 endoplasms
  3 giant cockroaches
  17 goblins
  12 hobgoblins
  6 jackals
  4 quokkas
  2 frilled lizards
  5 kobolds
  6 rats
168 creatures vanquished.

Vanquished Creatures (collateral kills)
  An orc (D:4)
  A goblin (D:2)
  A hobgoblin (D:3)
  A quokka (D:2)
4 creatures vanquished.

Vanquished Creatures (others)
  15 foxfires (D:8)
15 creatures vanquished.

Grand Total: 187 creatures vanquished

Notes
Turn   | Place    | Note
-------+----------+-------------------------------------------
     0 | D:1      | Zonian the Demonspawn Venom Mage began the quest for the
                  | Orb.
     0 | D:1      | Reached XP level 1. HP: 13/13 MP: 3/3
   175 | D:1      | Reached skill level 1 in Transmutations
   532 | D:1      | Found a faded altar of an unknown god.
   541 | D:1      | Prayed at the altar of an unknown god.
   541 | D:1      | Became a worshipper of Ignis, the Dying Flame
   606 | D:1      | Gained mutation: A meltable shield of frost defends you.
                  | (SH +0) [demonic ancestry]
   606 | D:1      | Reached XP level 2. HP: 19/19 MP: 3/5
  1604 | D:1      | Learned a level 2 spell: Poisonous Vapours
  1631 | D:2      | Noticed Jessica
  1637 | D:2      | Killed Jessica
  1638 | D:2      | Reached XP level 3. HP: 24/24 MP: 2/6
  2175 | D:2      | Gained mutation: A weak demonic guardian rushes to your
                  | aid. [demonic ancestry]
  2175 | D:2      | Reached XP level 4. HP: 28/30 MP: 3/7
  3299 | D:3      | Found a radiant altar of Vehumet.
  3350 | D:3      | Noticed Robin
  4508 | D:2      | Killed Robin
  4966 | D:3      | Noticed Ijyb
  4972 | D:3      | Reached XP level 5. HP: 35/35 MP: 9/9
  4986 | D:3      | Killed Ijyb
  5320 | D:3      | Found a sparkling altar of Nemelex Xobeh.
  5915 | D:4      | Noticed Pikel
  5915 | D:4      | Noticed a lemure
  5915 | D:4      | Noticed a lemure
  5915 | D:4      | Noticed a lemure
  5915 | D:4      | Noticed a lemure
  6383 | D:4      | Found an iron altar of Okawaru.
  6449 | D:4      | Reached XP level 6. HP: 18/41 MP: 2/10
  6508 | D:4      | Killed Pikel
  6509 | D:4      | Reached skill level 1 in Maces & Flails
  6509 | D:4      | Reached skill level 1 in Air Magic
  6509 | D:4      | Reached skill level 4 in Poison Magic
  6509 | D:4      | Reached XP level 7. HP: 22/46 MP: 5/12
  6987 | D:4      | Found Learuhaj's Weapon Shop.
  7213 | D:4      | Noticed Blork the orc
  7272 | D:5      | Entered Level 5 of the Dungeon
  8270 | D:5      | Gained mutation: You have a small tail. [demonic ancestry]
  8270 | D:5      | Reached XP level 8. HP: 43/52 MP: 14/14
  8422 | D:5      | Found a broken altar of Ashenzari.
  8486 | D:5      | Killed an unseen horror
  8882 | D:6      | Reached skill level 5 in Stealth
  8947 | D:6      | Learned a level 3 spell: Mephitic Cloud
  9358 | D:6      | Reached skill level 5 in Spellcasting
  9358 | D:6      | Reached skill level 1 in Conjurations
  9699 | D:6      | Reached skill level 5 in Dodging
  9711 | D:6      | Gained mutation: A meltable icy envelope protects you from
                  | harm. (AC +0) [demonic ancestry]
  9711 | D:6      | Reached XP level 9. HP: 38/57 MP: 16/16
 10035 | D:6      | Reached skill level 5 in Poison Magic
 10148 | D:6      | Got the Papyrus of Evil Arts and Malediction
 11025 | D:7      | Noticed Maggie
 11044 | D:7      | Killed Maggie
 11045 | D:7      | Reached skill level 6 in Poison Magic
 11067 | D:7      | Found Mesch's Magic Scroll Boutique.
 11095 | D:7      | Found Cauxam's Book Shoppe.
 11100 | D:7      | Found Qeipaf's Assorted Antiques.
 11123 | D:7      | Bought a grey potion for 26 gold pieces
 11123 | D:7      | Bought a moonstone ring for 145 gold pieces
 11271 | D:7      | Found Axaruemiu's Weapon Shop.
 11330 | D:7      | Identified the +3 short sword "Hyatac" {flame, rF+ Int+4
                  | Dex-2}
 11399 | D:7      | Found an opulent altar of Gozag.
 11426 | D:7      | Found Lurasekk's Antique Weapon Boutique.
 11537 | D:7      | Paralysed by a hornet for 2 turns
 11547 | D:7      | Paralysed by a hornet for 1 turns
 11559 | D:7      | HP: 2/57 [poisoned by a hornet]
 11853 | D:7      | Found Akajow's General Store.
 11880 | D:7      | Found a staircase to the Ecumenical Temple.
 12153 | D:8      | Reached skill level 5 in Maces & Flails
 12180 | D:8      | Reached skill level 5 in Conjurations
 12180 | D:8      | Reached skill level 7 in Poison Magic
 12180 | D:8      | Gained mutation: You are partially covered in icy blue
                  | scales. (AC +2) [demonic ancestry]
 12180 | D:8      | Reached XP level 10. HP: 20/63 MP: 14/17
 13645 | D:8      | Noticed a tengu warrior
 13665 | D:8      | HP: 3/63 [tengu warrior/+0 halberd (12)]
 13666 | D:8      | Mangled by a tengu warrior

Illustrated notes

Levels and vault maps discovered:
D:1:      lightli_arrival_boilingwater, layout_basic,
          shapermc_ecumenical_altar_mp_ritualfount
D:2:      layout_basic, uniq_jessica
D:3:      layout_loops_cross, old_standard_altar, nicolae_vehumet_altar_sigil,
          hangedman_decor_diamond_cutter, minmay_misc_feat_encased,
          kennysheep_generic_room_12, uniq_ijyb, uniq_robin
D:4:      layout_loops_cross, kennysheep_okawaru_gauntlet,
          mainiacjoe_overflow_swirl, serial_shops,
          nicolae_shop_bloodbath_and_beyond, uniq_blork_the_orc, uniq_pikel
D:5:      layout_rooms, ashenzari_altar_1
D:6:      minmay_octagon_keep, layout_gridville
D:7:      layout_basic, nicolae_tso_carved_into_rock, lemuel_doored_altar,
          minmay_temple_entry_antechambers, serial_shops, shop,
          nicolae_stop_n_shop_2, nicolae_shop_statue_plus, nicolae_square_shop,
          shop_scrolls, nicolae_stop_n_shop_2, minmay_misc_feat_secret_circle,
          kennysheep_cross_room, uniq_maggie
D:8:      layout_basic, minmay_manual_mess

Skill      XL: |  1  2  3  4  5  6  7  8  9 |
---------------+----------------------------+-----
Transmutations | 1 2 3 4 |  4.2
Stealth        | 2 3 4 5 |  5.0
Dodging        | 2 3 4 5 |  5.0
Spellcasting   | 3 4 5 |  5.0
Maces & Flails | 1 2 5 |  5.0
Air Magic      | 1 2 3 |  3.0
Poison Magic   | 4 7 |  7.9
Conjurations   | 1 5 |  5.0

Action                   |  1- 3 |  4- 6 |  7- 9 | 10-12 || total
-------------------------+-------+-------+-------+-------++-------
Melee: Unarmed           |     3 |       |       |       ||     3
       Whip              |     8 |   121 |   321 |    42 ||   492
       Dagger            |     3 |       |       |       ||     3
       Punch             |     1 |     1 |     3 |       ||     5
       Tailslap          |       |       |    51 |     4 ||    55
       Short sword       |       |       |     5 |       ||     5
Throw: Boomerang         |       |       |     1 |       ||     1
 Cast: Sting             |    61 |    93 |    65 |     5 ||   224
       Mephitic Cloud    |       |       |     3 |     1 ||     4
       Poisonous Vapours |       |       |       |     4 ||     4
Invok: Fiery Armour      |       |     1 |     2 |     1 ||     4
       Foxfire Swarm     |       |       |       |     1 ||     1
Evoke: Wand              |       |     2 |     2 |     5 ||     9
  Use: Scroll            |       |     8 |    12 |     1 ||    21
       Potion            |       |       |     4 |     1 ||     5
 Stab: Sleeping          |     1 |     1 |     2 |     1 ||     5
       Confused          |       |       |     3 |     1 ||     4
       Distracted        |       |       |     1 |       ||     1
Armor: Robe              |     2 |    39 |    67 |       ||   108
       Steam dragon scal |       |       |    25 |    23 ||    48
Dodge: Dodged            |    23 |    77 |   184 |    35 ||   319
Block: Other             |     9 |    29 |    53 |     6 ||    97
